 Dungeon Crawl Stone Soup version 0.17.0-28-g6e173f8 (webtiles) character file.

6169 R18 the Covert (level 10, -6/67 HPs)
             Began as a Merfolk Assassin on Nov 29, 2015.
             Was a Priest of Dithmenos.
             Mangled by a four-headed hydra (8 damage)
             ... on level 8 of the Dungeon.
             The game lasted 00:29:23 (10545 turns).

R18 the Covert (Merfolk Assassin)                  Turns: 10545, Time: 00:29:23

Health: -6/67      AC:  8    Str: 17    XL:     10   Next: 90%
Magic:  10/10      EV: 18    Int: 10    God:    Dithmenos [***...]
Gold:   511        SH:  8    Dex: 18    Spells: 0 memorised, 9 levels left

rFire  . . .     SeeInvis .     a - +0 short sword (venom)
rCold  . . .     Clarity  .     c - +0 robe
rNeg   . . .     SustAt   .     B - +2 buckler
rPois  .         Gourm    .     s - +2 helmet
rElec  .         Spirit   .     d - +1 cloak
rCorr  .         Warding  .     E - +0 pair of gloves
rMut   .         Stasis   .     (no boots)
MR     .....                    (no amulet)
Stlth  +++++++...               (no ring)
                                q - +4 ring of strength

@: very slightly contaminated, wreathed by umbra, invisible, not resistant to
hostile enchantments, extremely stealthy
A: change form in water, swift swim
a: Shadow Step, Renounce Religion


You were on level 8 of the Dungeon.
You worshipped Dithmenos.
Dithmenos was most pleased with you.
You were hungry.

You visited 3 branches of the dungeon, and saw 10 of its levels.
You also visited: Ossuary.

You collected 511 gold pieces.

Inventory:

Hand Weapons
 a - a +0 short sword of venom (weapon)
 b - a +0 blowgun
 h - a +0 rapier
 C - a +1 dagger of speed
 F - the +10 quarterstaff "Vudufo" {crush, *Drain rElec rN+++ Dex+3}
   (You found it on level 7 of the Dungeon)

   It inflicts extra damage upon your enemies.
   It affects your dexterity (+3).
   It insulates you from electricity.
   It renders you almost immune to negative energy.
   It causes draining when unequipped.
Missiles
 e - 50 poisoned needles
 f - 5 curare-tipped needles
 x - 2 throwing nets (quivered)
 A - 6 needles of confusion
Armour
 c - a +0 robe (worn)
 d - a +1 cloak (worn)
 s - a +2 helmet (worn)
 u - a cursed +0 large shield
 w - a +0 pair of gloves
 B - a +2 buckler (worn)
 E - a +0 pair of gloves (worn)
Jewellery
 q - a +4 ring of strength (left hand)
 z - an uncursed amulet of stasis
Wands
 U - a wand of confusion (29)
 V - a wand of digging (10)
Scrolls
 n - 4 scrolls of remove curse
 p - a scroll of magic mapping
 D - a scroll of recharging
 N - 2 scrolls of enchant weapon
Potions
 i - 2 potions of curing
 l - a potion of heal wounds
 m - a potion of haste
 v - a potion of cancellation
 H - 3 potions of flight
 I - a potion of mutation
 J - a potion of ambrosia
 L - 2 potions of berserk rage
Books
 O - a book of Changes

   Spells                             Type                      Level
   a - Beastly Appendage              Transmutation                1
   b - Sticks to Snakes               Transmutation                2
   c - Spider Form                    Transmutation/Poison         3
   d - Ice Form                       Ice/Transmutation            4
   e - Blade Hands                    Transmutation                5
 R - a book of Minor Magic

   Spells                             Type                      Level
   a - Magic Dart                     Conjuration                  1
   b - Blink                          Translocation                2
   c - Call Imp                       Summoning                    2
   d - Repel Missiles                 Charms/Air                   2
   e - Slow                           Hexes                        2
   f - Conjure Flame                  Conjuration/Fire             3
   g - Mephitic Cloud                 Conjuration/Poison/Air       3
Comestibles
 g - 7 bread rations
 o - 4 meat rations
 M - 8 slices of pizza
 P - 7 fruits
 S - 2 beef jerkies


   Skills:
 - Level 2.1 Fighting
 + Level 10.8 Short Blades
   Level 0.2(6.2) Long Blades
 - Level 2.0 Throwing
 + Level 8.5 Dodging
 + Level 12.3 Stealth
 - Level 6.2 Shields


You had 9 spell levels left.
You didn't know any spells.

Dungeon Overview and Level Annotations

Branches:
Dungeon (8/15)             Temple (1/1) D:6            Lair (1/8) D:8

Altars:
Ashenzari
Cheibriados
Dithmenos
Elyvilon
Fedhas
Gozag
Kikubaaqudgha
Makhleb
Nemelex Xobeh
Okawaru
Ru
Sif Muna
Trog
Vehumet
Xom
Yredelemnul
Zin
The Shining One

Annotations:
D:3 R18's ghost, amateur NaAs


Message History

Unknown command.
You catch the helpless four-headed hydra completely off-guard!
You impale the four-headed hydra!!
The four-headed hydra is poisoned.
The four-headed hydra is heavily wounded.
Unknown command.
You hit the four-headed hydra.
The four-headed hydra is heavily wounded.
The four-headed hydra bites you.
* * * LOW HITPOINT WARNING * * *
The four-headed hydra closely misses you.
The four-headed hydra completely misses you.
The four-headed hydra closely misses you.
Unknown command.
You barely miss the four-headed hydra.
The four-headed hydra is heavily wounded.
Unknown command.
You closely miss the four-headed hydra.
The four-headed hydra is heavily wounded.
The four-headed hydra bites you!
You die...

#.....####.....#..###### #.#
####### ####.###..## #.#
###......#...# #.#
##......P.....# #.# #####
#....[.P.P....# #.#
....###.......P.P...#########.#
....##.P...P.P.P....>.........#
........P.P####DPPP..##########
....#..P...#>)#P@PP..#
....##.....#[.#P.....#
≈...##.P...##'#PP...##
/...##...PP.P(....PP#
....###..P.P...PP..##############
..).# #P..P.P.PP...............<.
..).# ##P.P....P....#############
....# ###.........## #####
###.....###


You could see a four-headed hydra.

Vanquished Creatures
  Erica (D:8)
  2 hogs (D:8)
  A wyvern (D:7)
  3 hippogriffs
  Grum (D:8)
  A human (D:8)
  4 wolves (D:8)
  A deep elf fighter (D:8)
  A hungry ghost (D:7)
  An orc warrior (D:7)
  2 phantoms
  2 ice beasts
  3 black bears
  3 centaurs (D:7)
  3 ogres
  6 giant frogs
  A big kobold (D:7)
  4 scorpions
  2 gnoll sergeants
  A killer bee (D:7)
  3 wights (D:7)
  6 crimson imps
  A human zombie (Ossuary)
  A giant frog zombie (D:7)
  A jelly (D:8)
  7 hounds
  A centaur skeleton (D:5)
  A giant frog skeleton (D:4)
  An orc priest (D:5)
  8 orc wizards
  9 worker ants
  2 sheep (D:8)
  A big kobold zombie (Ossuary)
  4 mummies (Ossuary)
  3 hound skeletons
  A worker ant zombie (D:5)
  14 adders
  11 gnolls
  3 river rats (D:8)
  3 shadow imps
  2 oozes
  5 worms
  7 giant geckos
  25 orcs
  17 bats
  7 giant cockroaches
  4 goblins
  11 hobgoblins
  3 quokkas
  2 ball pythons
  A giant gecko skeleton (D:4)
  A giant gecko zombie (D:6)
  6 giant newts
  3 gnoll zombies (Ossuary)
  A goblin zombie (Ossuary)
  6 jackals
  2 jackal skeletons
  9 kobolds
  2 orc zombies (Ossuary)
  A quokka skeleton (D:8)
  21 rats
260 creatures vanquished.

Vanquished Creatures (others)
  2 fungi (D:8)
2 creatures vanquished.

Grand Total: 262 creatures vanquished

Notes
Turn   | Place    | Note
--------------------------------------------------------------
     0 | D:1      | R18 the Merfolk Assassin began the quest for the Orb.
     0 | D:1      | Reached XP level 1. HP: 16/16 MP: 1/1
    33 | D:1      | Reached XP level 2. HP: 13/22 MP: 2/2
   402 | D:1      | Reached skill level 5 in Stealth
   511 | D:1      | Reached XP level 3. HP: 11/27 MP: 3/3
  1523 | D:2      | Reached XP level 4. HP: 29/33 MP: 4/4
  1841 | D:2      | Found a burning altar of Makhleb.
  2102 | D:2      | Reached XP level 5. HP: 38/38 MP: 5/5
  2238 | D:3      | Reached skill level 6 in Stealth
  2652 | D:3      | Noticed R18's ghost (amateur NaAs)
  2912 | D:3      | Reached XP level 6. HP: 40/44 MP: 6/6
  3899 | D:4      | Reached skill level 7 in Stealth
  4217 | D:4      | Reached skill level 5 in Dodging
  4217 | D:4      | Reached XP level 7. HP: 46/50 MP: 7/7
  4540 | D:4      | Found a burning altar of Makhleb.
  4546 | D:4      | Found an ancient bone altar of Kikubaaqudgha.
  4546 | D:4      | Found a radiant altar of Vehumet.
  4546 | D:4      | Found a deep blue altar of Sif Muna.
  4548 | D:4      | Found a sacrificial altar of Ru.
  4549 | D:4      | Found a bloodstained altar of Trog.
  4616 | D:4      | Reached skill level 5 in Short Blades
  4671 | D:4      | Reached skill level 8 in Stealth
  5141 | D:4      | Reached skill level 1 in Shields
  5141 | D:4      | Reached XP level 8. HP: 56/56 MP: 8/8
  5159 | D:5      | Entered Level 5 of the Dungeon
  5209 | D:5      | Found a blossoming altar of Fedhas.
  5681 | D:5      | Found a sparkling altar of Nemelex Xobeh.
  5681 | D:5      | Found an opulent altar of Gozag.
  5724 | D:5      | Reached skill level 9 in Stealth
  6422 | D:6      | Found a staircase to the Ecumenical Temple.
  6427 | Temple   | Entered the Ecumenical Temple
  6453 | Temple   | Became a worshipper of Dithmenos the Shadowed
  6577 | D:6      | Reached skill level 10 in Stealth
  7074 | D:7      | Reached XP level 9. HP: 46/61 MP: 9/9
  7092 | D:7      | Found a shattered altar of Ashenzari.
  7313 | D:7      | Reached skill level 5 in Shields
  7454 | D:7      | Got a twisted quarterstaff
  7511 | D:7      | Reached * piety under Dithmenos
  7586 | D:7      | Found a sand-covered staircase.
  7592 | Ossuary  | Entered an ossuary
  8013 | Ossuary  | Identified the +10 quarterstaff "Vudufo" {crush, *Drain rElec rN+++ Dex+3} (You found it on level 7 of the Dungeon)
  8366 | D:7      | Reached XP level 10. HP: 52/67 MP: 10/10
  9047 | D:8      | Noticed Grum
  9047 | D:8      | Reached skill level 11 in Stealth
  9065 | D:8      | Killed Grum
  9313 | D:8      | Reached skill level 10 in Short Blades
  9636 | D:8      | Noticed Erica
  9641 | D:8      | Killed Erica
  9641 | D:8      | Reached ** piety under Dithmenos
  9785 | D:8      | Found a sparkling altar of Nemelex Xobeh.
  9807 | D:8      | Reached skill level 12 in Stealth
 10264 | D:8      | Found a staircase to the Lair.
 10267 | D:8      | Reached *** piety under Dithmenos
 10497 | Lair:1   | Entered Level 1 of the Lair of Beasts
 10497 | Lair:1   | Noticed a four-headed hydra
 10543 | D:8      | HP: 2/67 [four-headed hydra (5)]
 10545 | D:8      | Mangled by a four-headed hydra

Action                   |  1- 3 |  4- 6 |  7- 9 | 10-12 || total
-------------------------+-------+-------+-------+-------++-------
Melee: Dagger            |   127 |   358 |   514 |       ||   999
       Rapier            |       |       |   166 |    20 ||   186
       Short sword       |       |       |    59 |   313 ||   372
 Fire: Blowgun           |       |    11 |    61 |    22 ||    94
Throw: Throwing net      |       |       |       |     1 ||     1
  Use: Scroll            |     1 |     2 |    18 |     3 ||    24
       Potion            |       |     1 |    10 |     6 ||    17
 Stab: Sleeping          |    12 |    17 |    13 |    15 ||    57
       Distracted        |       |     1 |     2 |     1 ||     4
       Confused          |       |       |     1 |       ||     1
       Invisible         |       |       |     6 |     1 ||     7
       Held in net/web   |       |       |       |     1 ||     1
  Eat: Chunk             |     2 |     4 |     2 |     1 ||     9
       Meat ration       |       |     1 |       |     1 ||     2
       Bread ration      |       |       |     3 |       ||     3
       Beef jerky        |       |       |     1 |       ||     1
